 Dungeon Crawl Stone Soup version 0.25-a0-426-g7d9e569eea (webtiles) character file.

Game seed: 12546397916160059437, levelgen mode: deterministic

814 kae the Changer (level 7, -2/60 HPs)
             Began as a Yellow Draconian Transmuter on Jan 24, 2020.
             Slain by an orc wizard
             ... wielding a +0 dagger
              (6 damage)
             ... on level 5 of the Dungeon.
             The game lasted 00:04:58 (4681 turns).

kae the Changer (Yellow Draconian Transmuter)       Turns: 4681, Time: 00:04:59

Health: -2/60      AC:  7    Str: 14    XL:     7   Next: 62%
Magic:  10/11      EV: 12    Int: 13    God:
Gold:   151        SH:  0    Dex: 14    Spells: 6/12 levels left

rFire    + . .     SeeInvis .     - Unarmed
rCold    + . .     Gourm    +   (no shield)
rNeg     . . .     Faith    .   (armour unavailable)
rPois    +         Spirit   .   (helmet restricted)
rElec    +         Reflect  .   (no cloak)
rCorr    +         Harm     .   b - +0 pair of gloves
MR       .....                  (no boots)
Stlth    +.........             d - amulet of the gourmand
HPRegen  0.20/turn              e - +2 ring of strength
MPRegen  0.12/turn              (no ring)

@: resistant
A: spit acid, unfitting armour, cold-blooded, acid resistance, AC +6
a: Breathe Acid


You were on level 5 of the Dungeon.
You were not hungry.

You visited 1 branch of the dungeon, and saw 5 of its levels.
You also visited: Sewer.

You collected 151 gold pieces.

Inventory:

Missiles
 a - 43 arrows
Armour
 b - a +0 pair of gloves (worn)
Jewellery
 d - an amulet of the gourmand (around neck)
 e - a +2 ring of strength (left hand)
 r - an uncursed amulet of regeneration
Wands
 o - a wand of random effects (17)
Scrolls
 p - 2 scrolls of remove curse
 q - a scroll of fog
 s - a scroll of enchant weapon
 t - a scroll of blinking {unknown}
Potions
 g - 2 potions of heal wounds {unknown}
 h - 2 potions of haste {unknown}
 i - a potion of lignification {unknown}
 j - 3 potions of might {unknown}
 k - 5 potions of curing {unknown}
 l - a potion of degeneration {unknown}
 m - 3 potions of agility {unknown}
 n - 2 potions of magic {unknown}
Comestibles
 c - 10 rations


   Skills:
 + Level 4.5 Fighting
 - Level 1.7 Dodging
 + Level 5.0 Unarmed Combat
 - Level 3.0 Spellcasting
 * Level 6.1 Transmutations


You had 6 spell levels left.
You knew the following spells:

 Your Spells              Type           Power        Failure   Level  Hunger
a - Beastly Appendage     Tmut           ###...       1%          1    #......
b - Sticks to Snakes      Tmut           ###.....     2%          2    ###....
c - Spider Form           Tmut/Pois      #.........   21%         3    ###....

Your spell library contained the following spells:

 Spells                   Type           Power        Failure   Level  Hunger
 Blade Hands              Tmut           ###.......   45%         5    ######.
 Ice Form                 Ice/Tmut       #.......     54%         4    #####..


Dungeon Overview and Level Annotations

Branches:
Dungeon (5/15)              Sewer (visited)
 Temple: D:4-7

Altars:
Cheibriados
Dithmenos
Okawaru


Innate Abilities, Weirdness & Mutations

You can spit globs of acid.
Your golden yellow scales are hard. (AC +6)
You cannot fit into any form of body armour.
You are cold-blooded and may be slowed by cold attacks.
You are resistant to acid. (rCorr)


Message History

The orc wizard looks as sick as possible!
The orc wizard is heavily wounded.
Something hits you but does no damage.
The orc wizard gestures wildly while chanting.
The orc wizard blinks!
You kill the orc wizard!
Your Unarmed Combat skill increases to level 5!
Something hits you.
* * * LOW HITPOINT WARNING * * *
It was a potion of resistance.
You feel protected.
You hear some strange, mumbled words.
A puff of frost appears from out of thin air!
The puff of frost misses you. The adder completely misses you.
Something hits you but does no damage.
There is a stone staircase leading up here.
Your transformation has ended.
Your +0 pair of gloves unmelds from your body.
Something hits you.
You die...

########
#......#
#......#
#..)..[#
#......#
#....S.#
#...@..#
#........#
#......#....
#.)....#####
#.......
#######.# .#
.#


You could see an adder.

Vanquished Creatures
  3 big kobolds (Sewer)
  2 howler monkeys (D:4)
  A centaur skeleton (D:4)
  A bullfrog skeleton (D:4)
  An orc priest (D:4)
  3 orc wizards
  Ijyb (D:4)
  2 worker ants
  A gnoll (D:1)
  A howler monkey skeleton (D:3)
  8 adders
  3 river rats (Sewer)
  5 oozes
  3 worms (Sewer)
  A dart slug (D:3)
  8 leopard geckos
  10 orcs
  5 ball pythons
  4 bats
  6 giant cockroaches
  11 goblins
  10 hobgoblins
  13 jackals
  A quokka (D:4)
  6 frilled lizards (D:1)
  13 kobolds
  3 quokka skeletons (D:4)
  5 rats
131 creatures vanquished.

Vanquished Creatures (collateral kills)
  A goblin (D:3)
1 creature vanquished.

Grand Total: 132 creatures vanquished

Notes
Turn   | Place    | Note
-------+----------+-------------------------------------------
     0 | D:1      | kae the Draconian Transmuter began the quest for the Orb.
     0 | D:1      | Reached XP level 1. HP: 16/16 MP: 3/3
   127 | D:1      | Reached XP level 2. HP: 20/23 MP: 5/5
   489 | D:1      | Reached XP level 3. HP: 29/29 MP: 4/6
  1042 | D:2      | Reached skill level 3 in Transmutations
  1471 | D:2      | Reached XP level 4. HP: 24/36 MP: 5/7
  2164 | D:3      | Reached XP level 5. HP: 30/42 MP: 7/9
  2757 | D:3      | Learned a level 2 spell: Sticks to Snakes
  2761 | D:3      | Learned a level 3 spell: Spider Form
  2792 | D:3      | Reached skill level 4 in Transmutations
  3048 | D:4      | Noticed a phantom
  3099 | D:4      | Noticed Ijyb
  3113 | D:4      | Killed Ijyb
  3119 | D:4      | Reached XP level 6. HP: 30/51 MP: 7/10
  3203 | D:4      | Found a glowing drain.
  3346 | Sewer    | Entered a sewer
  3742 | Sewer    | Reached skill level 5 in Transmutations
  3829 | Sewer    | Your scales start taking on a golden yellow colour.
  3829 | Sewer    | Reached XP level 7. HP: 51/58 MP: 8/11
  3829 | Sewer    | Gained mutation: You are resistant to acid. (rCorr) [Yellow
                  | Draconian growth]
  4365 | D:4      | Found an iron altar of Okawaru.
  4420 | D:4      | Found a snail-covered altar of Cheibriados.
  4445 | D:4      | Found a shadowy altar of Dithmenos.
  4564 | D:5      | Entered Level 5 of the Dungeon
  4673 | D:5      | Reached skill level 6 in Transmutations
  4678 | D:5      | Reached skill level 5 in Unarmed Combat
  4678 | D:5      | HP: 3/60 [something (5)]
  4681 | D:5      | Slain by an orc wizard

Levels and vault maps discovered:
D:1:      mrwooster_arrival_arrow, layout_rooms, serial_glass, glass_columns_a,
          glass_columns_a, glass_columns_b, glass_columns_a, glass_columns_a,
          glass_columns_a, glass_columns_b, glass_columns_c,
          grunt_decor_mini_mirrors, hangedman_abyss_or_decor_lesser_grid,
          corexii_item_surrounded_by_moat
D:2:      layout_loops_corners
D:3:      layout_rooms, first_ration, minmay_goblin_outpost
D:4:      layout_rooms, kennysheep_okawaru_gauntlet, minitemple,
          portal_sewer_entry_f, supply_closet_lemuel, uniq_ijyb
D:5:      layout_rooms, uniq_sigmund, uniq_duvessa

Skill      XL: |  1  2  3  4  5  6  7 |
---------------+----------------------+-----
Transmutations | 3 4 5 6 |  6.1
Fighting       | 2 3 4 |  4.5
Spellcasting   | 3 |  3.0
Unarmed Combat | 4 5 |  5.0
Dodging        | |  1.7

Action                   |  1- 3 |  4- 6 |  7- 9 || total
-------------------------+-------+-------+-------++-------
Melee: Unarmed           |   116 |   279 |    89 ||   484
       Tailslap          |     6 |    18 |     9 ||    33
       Headbutt          |     5 |    11 |       ||    16
       Kick              |     5 |    13 |       ||    18
       Punch             |     1 |     1 |       ||     2
 Cast: Beastly Appendage |    18 |    19 |       ||    37
       Sticks to Snakes  |       |     4 |       ||     4
       Spider Form       |       |     9 |     8 ||    17
  Use: Scroll            |     3 |     2 |     1 ||     6
       Potion            |       |       |     1 ||     1
  Eat: Chunk             |     1 |    16 |     3 ||    20
Armor: Skin              |    34 |    61 |    12 ||   107
Dodge: Dodged            |    96 |   167 |    60 ||   323

Table legend:
 A = Non-vault XP
 B = Vault XP
 C = Vault XP percentage of total XP
 D = Non-vault monster count
 E = Vault monster count
 F = Vault count percentage of total count
                 A         B        C        D         E       F
            +---------+---------+-------+---------+---------+-------
      Total |     658 |     505 |  43.4 |      92 |      40 |  30.3
            +---------+---------+-------+---------+---------+-------
        D:1 |      60 |       0 |   0.0 |      28 |       0 |   0.0
        D:2 |      57 |       0 |   0.0 |      13 |       0 |   0.0
        D:3 |     159 |       8 |   4.8 |      32 |       5 |  13.5
        D:4 |     297 |      50 |  14.4 |      17 |       7 |  29.2
        D:5 |      85 |       0 |   0.0 |       2 |       0 |   0.0
      Sewer |       0 |     447 | 100.0 |       0 |      28 | 100.0
            +---------+---------+-------+---------+---------+-------
